AoeStats
← teshi

Glade

510764816Analyzed
1v1 RM · 18h ago on Oct 2, 2026· 68m 29s· 2 players
Game mode
Random Map
Map size
Tiny (2 player)
Population
200
Speed
Normal
Resources
Standard
Victory
Conquest
Starting age
Dark Age
Ending age
Imperial Age
RankedLock teamsTeams togetherTeam positionsShared explorationLock speedFull tech treeHidden civsTurbo modeCheats
Victory
Defeat
🇩🇪 Teutons · Germany
1161
+16
🇯🇵 Goths · Japan
1163
-16
leahau
7:29 Loom
11:08 Feudal Age
15:52 Castle Age
14:21 Stone Mining
14:48 Double-Bit Axe
15:13 Fletching
17:18 Bodkin Arrow
26:38 Padded Archer Armor
28:34 Wheelbarrow
27:45 Town Watch
27:43 Horse Collar
33:29 Imperial Age
31:17 Masonry
31:49 Bow Saw
31:54 Heavy Plow
32:11 Leather Archer Armor
32:42 Forging
32:36 Scale Mail Armor
33:24 Hand Cart
34:41 Conscription
35:32 Crenellations
35:38 Conscription
35:31 Scale Barding Armor
35:44 Chain Mail Armor
36:05 Iron Casting
36:52 Chemistry
35:58 Arrowslits
37:07 Plate Mail Armor
36:58 Elite Skirmisher
38:22 Ring Archer Armor
38:57 Ballistics
40:16 Town Patrol
47:17 Two-Man Saw
47:24 Guard Tower
47:42 Siege Engineers
49:46 Crop Rotation
50:28 Blast Furnace
52:11 Hoardings
52:16 Keep
53:50 Guilds
55:23 Gold Mining
56:25 Elite Teutonic Knight
59:17 Ironclad
teshi
1:43 Loom
11:10 Feudal Age
11:31 Man-at-Arms
14:31 Fletching
16:34 Double-Bit Axe
17:32 Stone Mining
19:05 Wheelbarrow
24:23 Castle Age
23:51 Forging
23:41 Scale Mail Armor
24:36 Gold Mining
24:27 Horse Collar
24:38 Long Swordsman
25:19 Squires
25:16 Bodkin Arrow
25:46 Town Watch
28:22 Sanctity
31:48 Anarchy
32:37 Hand Cart
36:51 Imperial Age
34:49 Bow Saw
35:04 Crossbowman
37:09 Masonry
37:44 Iron Casting
37:24 Chain Mail Armor
37:44 Iron Casting
37:24 Chain Mail Armor
38:10 Conscription
37:29 Pikeman
38:50 Anarchy
39:59 Stone Shaft Mining
40:56 Chemistry
40:27 Architecture
42:22 Blast Furnace
41:35 Padded Archer Armor
41:36 Capped Ram
41:42 Elite Skirmisher
42:40 Bracer
42:57 Scale Barding Armor
43:16 Murder Holes
47:15 Leather Archer Armor
48:16 Town Patrol
49:45 Ring Archer Armor
53:53 Two-Man Saw
52:54 Heavy Plow
55:14 Crop Rotation
55:13 Sappers
56:41 Perfusion
57:32 Treadmill Crane
58:12 Ballistics
65:45 Husbandry
65:55 Bloodlines
Connection lost

Rejoining the realm…

Still unreachable

The connection could not be restored.

Session expired

The server has moved on; the page needs a fresh start.